 Dungeon Crawl Stone Soup version 0.17.0 (webtiles) character file.

201 Eucla the Skirmisher (level 5, -5/72 HPs)
             Began as a Minotaur Berserker on Nov 10, 2015.
             Was a Believer of Trog.
             Killed by divine providence
             ... invoked by an orc priest
              (13 damage)
             ... on level 3 of the Dungeon.
             The game lasted 00:02:42 (1946 turns).

Eucla the Skirmisher (Minotaur Berserker)           Turns: 1946, Time: 00:02:42

Health: -5/72      AC: 22    Str: 21    XL:     5   Next: 50%
Magic:  4/4        EV:  2    Int:  4    God:    Trog [**....]
Gold:   52         SH:  0    Dex: 16    Spells: 0 memorised, 4 levels left

rFire  . . .     SeeInvis .     a - +0 hand axe
rCold  . . .     Clarity  .     (armour currently unavailable)
rNeg   + + +     SustAt   .     (no shield)
rPois  +         Gourm    .     (helmet currently unavailable)
rElec  .         Spirit   .     (cloak currently unavailable)
rCorr  .         Warding  .     (gloves currently unavailable)
rMut   .         NoTele   +     (boots currently unavailable)
MR     ++...                    (no amulet)
Stlth  ++........               (no ring)
                                (no ring)

@: agile, exhausted, tree-form (expiring), very slightly contaminated,
regenerating, slowed, very slow, very resistant to hostile enchantments,
unstealthy
A: (retaliatory headbutt), (horns 0)
a: Berserk, Trog's Hand, Burn Spellbooks, Renounce Religion


You were on level 3 of the Dungeon.
You worshipped Trog.
Trog was pleased with you.
You were near starving.
You were a tree.
You visited 1 branch of the dungeon, and saw 3 of its levels.

You collected 52 gold pieces.

Inventory:

Hand Weapons
 a - a +0 hand axe (weapon)
Armour
 b - a +0 animal skin
 m - a +0 ring mail
 r - a +0 chain mail
 t - a cursed +0 leather armour (melded)
Jewellery
 u - an uncursed ring of ice
Wands
 q - a wand of random effects (26)
Scrolls
 f - a scroll of enchant armour {unknown}
 h - 5 scrolls of identify {unknown}
 k - a scroll of magic mapping {unknown}
 n - a scroll of fog {unknown}
 v - a scroll of teleportation {unknown}
 y - a scroll of fear {unknown}
Potions
 e - 2 potions of lignification
 o - a potion of haste
 s - a potion of poison
Comestibles
 c - 2 bread rations
 g - 4 meat rations
 l - a slice of pizza
 x - 3 fruits


   Skills:
 + Level 5.0 Fighting
 + Level 5.0 Axes
 + Level 3.4 Armour
 + Level 3.8 Dodging


You had 4 spell levels left.
You didn't know any spells.

Dungeon Overview and Level Annotations

Branches:
Dungeon (3/15)

Altars:


Innate Abilities, Weirdness & Mutations

((You reflexively headbutt those who attack you in melee.))
((You have a pair of horns on your head.))


Message History

The orc priest mumbles some strange prayers to Beogh against you.
Something smites you!
* * * LOW HITPOINT WARNING * * *
The orc priest hits you but does no damage.
Unknown command.
The orc priest hits you from afar with a trident.
* * * LOW HITPOINT WARNING * * *
The orc priest hits you but does no damage.
A giant cockroach comes into view.
Unknown command.
You feel yourself slow down.
The orc priest hits you but does no damage.
Unknown command.
You feel the effects of Trog's Hand fading.
Your transformation is almost over.
The orc priest hits you but does no damage.
Unknown command.
The orc priest mumbles some strange prayers to Beogh against you.
Something smites you!
You die...

....#.........#..##.#...#...
....#.........#..#......#...
... ........................
. #.................. ..
#.................. #..
#....##............
#...##....#####.#....##+
#....s........#.#.......
....##.♣......#.#.###### ...
##.#.###.#.#'###...
#o#...............
.......)................
.......................>
........................
###......##.....###.....
#......###............
#......# #............


You could see an orc priest and a giant cockroach.

Vanquished Creatures
  3 orc priests (D:3)
  Terence (D:3)
  4 adders
  A worm (D:2)
  4 orcs (D:3)
  4 giant cockroaches
  5 goblins
  3 hobgoblins
  3 kobolds (D:3)
  8 bats
  2 giant geckos
  5 giant newts
  5 rats
48 creatures vanquished.

Notes
Turn   | Place    | Note
--------------------------------------------------------------
     0 | D:1      | Eucla the Minotaur Berserker began the quest for the Orb.
     0 | D:1      | Reached XP level 1. HP: 19/19 MP: 0/0
   167 | D:1      | Reached XP level 2. HP: 25/27 MP: 1/1
   322 | D:1      | Reached skill level 4 in Fighting
   966 | D:2      | Reached ** piety under Trog
  1069 | D:2      | Reached XP level 3. HP: 33/33 MP: 2/2
  1745 | D:3      | Reached XP level 4. HP: 38/41 MP: 3/3
  1894 | D:3      | Noticed Terence
  1896 | D:3      | Reached XP level 5. HP: 35/47 MP: 4/4
  1907 | D:3      | Killed Terence
  1907 | D:3      | Reached skill level 5 in Fighting
  1911 | D:3      | Reached skill level 5 in Axes
  1920 | D:3      | Gained mutation: You can spit weak poison. [potion of mutation]
  1920 | D:3      | Gained mutation: You have large cloven feet. [potion of mutation]
  1920 | D:3      | Gained mutation: Your spells are a little harder to cast, but a little more powerful. [potion of mutation]
  1923 | D:3      | Lost mutation: Your spells are a little harder to cast, but a little more powerful. [potion of cure mutation]
  1923 | D:3      | Lost mutation: You have large cloven feet. [potion of cure mutation]
  1923 | D:3      | Lost mutation: You can spit weak poison. [potion of cure mutation]
  1940 | D:3      | HP: 2/72 [orc priest/divine providence (11)]
  1946 | D:3      | Killed from afar by an orc priest

Action                   |  1- 3 |  4- 6 || total
-------------------------+-------+-------++-------
Melee: Hand axe          |    67 |    27 ||    94
Invok: Berserk           |     1 |     1 ||     2
       Trog's Hand       |       |     2 ||     2
  Use: Potion            |       |     8 ||     8
  Eat: Chunk             |     3 |     1 ||     4
